 Dungeon Crawl Stone Soup version 0.24-a0-164-g56e1b8f (webtiles) character file.

Game seed: 2768034962212557258

4270 emperorscorpion the Spear-Bearer (level 10, -3/123 HPs)
             Began as a Merfolk Berserker on Mar 6, 2019.
             Was a Believer of Trog.
             Slain by a cyclops (32 damage)
             ... on level 12 of the Dungeon.
             The game lasted 00:21:54 (2161 turns).

emperorscorpion the Spear-Bearer (MfBe)             Turns: 2161, Time: 00:21:55

Health: -3/123     AC:  6    Str: 26    XL:     10   Next: 31%
Magic:  11/11      EV: 17    Int:  6    God:    Trog [**....]
Gold:   239        SH:  0    Dex: 14    Spells: 9/9 levels left

rFire    . . .     SeeInvis .   a - +2 trident
rCold    . . .     Gourm    .   (no shield)
rNeg     . . .     Faith    .   x - +0 troll leather armour
rPois    .         Spirit   .   (no helmet)
rElec    .         Reflect  .   (no cloak)
rCorr    .         Harm     .   e - +0 pair of gloves
MR       .....                  (no boots)
Stlth    ..........             r - amulet of rage
HPRegen  0.70/turn              (no ring)
MPRegen  0.12/turn              (no ring)

@: berserking, lethally poisoned (-3 -> -3), very quick
A: change form in water, swift swim, stealthy swim, repulsion field 1, blurry
vision 1
a: Berserk, Trog's Hand, Renounce Religion, Evoke Berserk Rage


You were on level 12 of the Dungeon.
You worshipped Trog.
Trog was pleased with you.
You were near starving.

You visited 1 branch of the dungeon, and saw 12 of its levels.

You collected 239 gold pieces.

Inventory:

Hand Weapons
 a - a +2 trident (weapon)
 b - a +0 blowgun
 h - a +0 spear
 q - a +1 war axe of chopping
Missiles
 l - 18 poisoned needles
Armour
 e - a +0 pair of gloves (worn)
 f - a +0 ring mail
 i - a +0 scale mail
 m - a +0 animal skin
 x - a +0 troll leather armour (worn)
Jewellery
 r - an amulet of rage (around neck)
Wands
 j - a wand of paralysis (1)
 n - a wand of flame (10)
Scrolls
 g - a scroll of blinking
 k - a scroll of enchant armour {unknown}
 u - 2 scrolls of remove curse
Potions
 d - a potion of magic
 o - 2 potions of curing
 s - 3 potions of lignification
 t - a potion of invisibility {unknown}
 v - a potion of haste {unknown}
Comestibles
 c - 4 rations
 w - a chunk of flesh


   Skills:
 + Level 8.6 Fighting
 + Level 13.9 Polearms
 + Level 1.5 Throwing
 + Level 4.9 Armour
 + Level 6.1 Dodging
 + Level 0.9 Stealth
 + Level 2.2 Evocations


You had 9 spell levels left.
You didn't know any spells.
Your spell library was empty.

Dungeon Overview and Level Annotations

Branches:
Dungeon (12/15)            Temple (0/1) D:4
   Lair: D:8-11         Orc: D:9-12

Altars:
Okawaru


Innate Abilities, Weirdness & Mutations

You revert to your normal form in water You are very nimble and swift while swimming.
You are very stealthy in the water. (Stealth+)
You are surrounded by a mild repulsion field. (EV +2)
Scrolls take you a little longer to read.


Message History

Something completely misses you.
You feel a strong urge to attack something.
Attack whom?
Press: ? - help, Dir - move target cursor, f - cyclops
Aim: a cyclops You reach to attack!
You puncture the cyclops!
The cyclops is moderately wounded.
Something hits you.
You puncture the cyclops!
The cyclops is heavily wounded.
Something completely misses you.
You puncture the cyclops!
The cyclops is severely wounded.
Something hits you.
You puncture the cyclops!
The cyclops is almost dead.
Something hits you!
* * * LOW HITPOINT WARNING * * *
The cyclops hits you!!
You die...

###########################
........(C.(...............
#...#...###...........##..
# #..)# #...........##..
...#..(###..........<##..
........C@............รท...
##................#######.
#.###.#.....##...# +. #.
#............# #. #
#............# #.
.....#####....# #^ ......#
#....# #. #+#...# #...## #.
.... .{.. #.


You could see a cyclops.

Vanquished Creatures
  An unseen horror (D:12)
  Maurice (D:10)
  A gargoyle (D:10)
  3 trolls
  A vampire (D:12)
  3 yaks (D:12)
  A hungry ghost (D:7)
  An ogre (D:9)
  2 centaurs
  A crocodile (D:10)
  2 big kobolds
  5 bullfrogs
  3 scorpions
  4 howler monkeys
  A centaur zombie (D:10)
  A jelly (D:6)
  An orc wizard (D:4)
  A bullfrog skeleton (D:4)
  3 centaur skeletons
  An orc priest (D:4)
  2 hounds
  3 worker ants
  Terence (D:3)
  5 adders
  A shadow imp (D:10)
  2 worms (D:3)
  A leopard gecko (D:6)
  4 orcs
  A goblin (D:3)
  2 hobgoblins
  3 jackals (D:4)
  4 quokkas
  4 kobolds
  A leopard gecko zombie (D:8)
  A quokka skeleton (D:4)
  2 rats
74 creatures vanquished.

Vanquished Creatures (others)
  14 fungi (D:8)
  5 plants (D:8)
19 creatures vanquished.

Grand Total: 93 creatures vanquished

Notes
Turn   | Place    | Note
-------+----------+-------------------------------------------
     0 | D:1      | emperorscorpion the Merfolk Berserker began the quest for
                  | the Orb.
     0 | D:1      | Reached XP level 1. HP: 18/18 MP: 1/1
   135 | D:3      | Reached XP level 2. HP: 24/24 MP: 2/2
   157 | D:3      | Noticed Terence
   184 | D:3      | Killed Terence
   184 | D:3      | Reached skill level 5 in Polearms
   184 | D:3      | Reached XP level 3. HP: 30/30 MP: 3/3
   225 | D:4      | Reached XP level 4. HP: 16/37 MP: 4/4
   395 | D:3      | HP: 1/38 [poisoned by an adder]
   509 | D:4      | Reached skill level 6 in Polearms
   509 | D:4      | Reached XP level 5. HP: 22/43 MP: 5/5
   572 | D:4      | Found a staircase to the Ecumenical Temple.
   698 | D:4      | Reached ** piety under Trog
   698 | D:4      | Reached skill level 7 in Polearms
   698 | D:4      | Reached XP level 6. HP: 8/50 MP: 6/6
   732 | D:4      | Gained mutation: Scrolls take you a little longer to read.
                  | [potion of mutation]
   732 | D:4      | Gained mutation: You are surrounded by a mild repulsion
                  | field. (EV +2) [potion of mutation]
   743 | D:4      | Reached skill level 5 in Fighting
   791 | D:5      | Entered Level 5 of the Dungeon
   881 | D:6      | Reached skill level 8 in Polearms
   933 | D:6      | Reached XP level 7. HP: 56/56 MP: 7/7
  1049 | D:7      | Noticed a hungry ghost
  1064 | D:7      | Killed a hungry ghost
  1064 | D:7      | Reached skill level 9 in Polearms
  1186 | D:8      | Reached XP level 8. HP: 64/64 MP: 8/8
  1309 | D:9      | Reached skill level 10 in Polearms
  1323 | D:9      | Found an iron altar of Okawaru.
  1375 | D:10     | Entered Level 10 of the Dungeon
  1379 | D:10     | Noticed a gargoyle
  1403 | D:10     | Killed a gargoyle
  1404 | D:10     | Noticed Maurice
  1460 | D:10     | Killed Maurice
  1460 | D:10     | Reached skill level 11 in Polearms
  1460 | D:10     | Reached skill level 5 in Dodging
  1460 | D:10     | Reached skill level 1 in Evocations
  1460 | D:10     | Reached XP level 9. HP: 41/71 MP: 9/9
  1576 | D:10     | Noticed a troll
  1629 | D:10     | Killed a troll
  1629 | D:10     | Reached skill level 12 in Polearms
  1629 | D:10     | Reached skill level 1 in Throwing
  1704 | D:11     | Noticed a troll
  1707 | D:11     | Noticed a troll
  1711 | D:11     | Killed a troll
  1727 | D:11     | Killed a troll
  1924 | D:12     | Reached skill level 13 in Polearms
  1928 | D:12     | Reached XP level 10. HP: 80/80 MP: 11/11
  1977 | D:12     | Killed an unseen horror
  2138 | D:12     | Noticed a cyclops
  2161 | D:12     | Slain by a cyclops

Levels and vault maps discovered:
D:1:      dpeg_arrival_fog, layout_rooms, minmay_misc_feat_alley,
          minmay_misc_feat_rugged, minivault_19, st_stairs_11,
          roderic_lattice_a, minmay_misc_feat_roman
D:2:      layout_basic, first_ration, uniq_natasha
D:3:      layout_basic, uniq_terence, uniq_sigmund, uniq_jessica
D:4:      layout_basic, minmay_temple_entry_glass
D:5:      layout_loops_ring, minitemple
D:6:      layout_loops_corners, lemuel_doored_altar, palyth_stone_intersect
D:7:      layout_loops_ring, fedhas_altar_4, lemuel_crystal_altar
D:8:      layout_loops_cross, due_lair_maze_entry_diamond
D:9:      layout_rooms, okawaru_trees_2, david_orc_2, st_stairs_7,
          david_nohive_1
D:10:     layout_rooms, serial_shops, kennysheep_mini_moat, uniq_snorg,
          uniq_maurice
D:11:     layout_cave_pods
D:12:     layout_stronghold, serial_column_ruins, column_ruins_hut_pillars,
          column_ruins_hut, column_ruins_grid_2, column_ruins_open_large,
          column_ruins_grid_3, column_ruins_open_small

Skill      XL: |  1  2  3  4  5  6  7  8  9 10 |
---------------+-------------------------------+-----
Polearms       | 5 6 7 8 9 11 13 | 13.9
Fighting       | 4 5 6 8 |  8.6
Dodging        | 3 4 5 6 |  6.1
Armour         | 2 3 4 |  4.9
Evocations     | 1 2 |  2.2
Throwing       | 1 |  1.5
Stealth        | |  0.9

Action                   |  1- 3 |  4- 6 |  7- 9 | 10-12 || total
-------------------------+-------+-------+-------+-------++-------
Melee: Spear             |    23 |       |       |       ||    23
       Trident           |     6 |   107 |   195 |    51 ||   359
 Fire: Blowgun           |       |     4 |     2 |       ||     6
Invok: Berserk           |     2 |     8 |    10 |     3 ||    23
       Trog's Hand       |       |     1 |       |     1 ||     2
Evoke: Wand              |       |     3 |     6 |       ||     9
  Use: Potion            |       |     5 |     1 |     1 ||     7
       Scroll            |       |     2 |     5 |     2 ||     9
  Eat: Chunk             |       |     9 |     6 |     3 ||    18
       Ration            |       |       |     2 |       ||     2
Armor: Ring mail         |     3 |       |       |       ||     3
       Scale mail        |     2 |    22 |    18 |       ||    42
       Troll leather arm |       |       |     6 |    13 ||    19
Dodge: Dodged            |    14 |    47 |   101 |    48 ||   210

Table legend:
 A = Non-vault XP
 B = Vault XP
 C = Vault XP percentage of total XP
 D = Non-vault monster count
 E = Vault monster count
 F = Vault count percentage of total count
                 A         B        C        D         E       F
            +---------+---------+-------+---------+---------+-------
      Total |    5647 |     454 |   7.4 |      72 |       2 |   2.7
            +---------+---------+-------+---------+---------+-------
        D:2 |       5 |       0 |   0.0 |       3 |       0 |   0.0
        D:3 |      58 |      32 |  35.6 |      10 |       1 |   9.1
        D:4 |     325 |       0 |   0.0 |      15 |       0 |   0.0
        D:6 |     368 |       0 |   0.0 |       8 |       0 |   0.0
        D:7 |     313 |       0 |   0.0 |       4 |       0 |   0.0
        D:8 |     318 |       0 |   0.0 |       8 |       0 |   0.0
        D:9 |     237 |       0 |   0.0 |       2 |       0 |   0.0
       D:10 |    1570 |     422 |  21.2 |      10 |       1 |   9.1
       D:11 |     645 |       0 |   0.0 |       3 |       0 |   0.0
       D:12 |    1808 |       0 |   0.0 |       9 |       0 |   0.0
            +---------+---------+-------+---------+---------+-------
